AoeStats
← Green Assassin

African Clearing

506256798Analyzed
4v4 RM · 18d ago on Sep 12, 2026· 45m 53s· 8 players
Game mode
Random Map
Map size
Large (8 player)
Population
200
Speed
Normal
Resources
Standard
Victory
Conquest
Starting age
Dark Age
Ending age
Imperial Age
RankedLock teamsTeams togetherTeam positionsShared explorationLock speedFull tech treeHidden civsTurbo modeCheats
Victory
Defeat
🇺🇸 Vietnamese · United States
1215
+13
🇸🇪 Italians · Sweden
1196
+13
🇺🇸 Franks · United States
1186
+15
🇨🇦 Huns · Canada
1182
+14
🇩🇪 Georgians · Germany
1153
-14
🇺🇸 Italians · United States
1145
-14
🇫🇷 Gurjaras · France
1140
-14
🇺🇸 Spanish · United States
1122
-13
MoonlightS96
8:22 Loom
14:27 Feudal Age
16:08 Double-Bit Axe
17:43 Wheelbarrow
18:25 Town Watch
21:26 Castle Age
21:07 Horse Collar
21:39 Stone Mining
23:02 Bow Saw
30:04 Fletching
32:35 Heavy Plow
33:29 Stone Shaft Mining
33:08 Bodkin Arrow
35:05 Treadmill Crane
38:37 Imperial Age
36:48 Murder Holes
37:04 Padded Archer Armor
37:07 Scale Mail Armor
38:01 Ballistics
38:25 Squires
38:10 Arson
38:47 Leather Archer Armor
38:47 Chain Mail Armor
38:43 Forging
40:15 Bracer
41:32 Chemistry
40:52 Masonry
43:43 Plate Mail Armor
43:24 Forging
44:26 Architecture
46:24 Hand Cart
Boom into GG
13:15 Feudal Age
17:34 Castle Age
16:03 Loom
22:50 Town Watch
29:20 Horse Collar
30:56 Gold Mining
32:56 Scale Barding Armor
38:36 Fletching
41:03 Bloodlines
Green Assassin
3:28 Loom
12:23 Feudal Age
15:29 Fishing Lines
21:05 Castle Age
19:22 Double-Bit Axe
23:49 Wheelbarrow
24:17 Fletching
28:28 Ballistics
31:34 Bow Saw
31:36 Bodkin Arrow
36:52 Imperial Age
36:00 Padded Archer Armor
37:28 Leather Archer Armor
36:42 Elite Skirmisher
38:06 Bracer
38:12 Scale Barding Armor
38:22 Heavy Cavalry Archer
42:48 Chemistry
Slayer30
14:23 Feudal Age
13:20 Loom
18:53 Wheelbarrow
22:42 Castle Age
23:36 Double-Bit Axe
29:05 Bow Saw
29:13 Thumb Ring
29:51 Fletching
30:26 Town Watch
31:15 Padded Archer Armor
33:21 Hand Cart
34:04 Horse Collar
36:50 Heavy Plow
37:24 Bodkin Arrow
37:45 Leather Archer Armor
43:12 Imperial Age
42:08 Bloodlines
41:59 Husbandry
42:28 Ballistics
42:38 Kshatriyas
Itz_ED_aoe
7:03 Loom
13:55 Feudal Age
18:12 Castle Age
16:48 Double-Bit Axe
19:05 Fletching
20:02 Bodkin Arrow
23:49 Gold Mining
23:50 Stone Mining
31:58 Wheelbarrow
31:09 Town Watch
32:53 Chatras
33:21 Hand Cart
33:07 Town Patrol
37:07 Imperial Age
35:43 Forging
35:39 Scale Barding Armor
35:50 Bloodlines
35:40 Husbandry
35:29 Horse Collar
36:45 Heavy Plow
37:42 Bow Saw
38:29 Elite Skirmisher
39:32 Bracer
40:08 Thumb Ring
41:29 Two-Man Saw
39:55 Imperial Skirmisher
41:43 Iron Casting
41:33 Chain Barding Armor
41:14 Padded Archer Armor
43:24 Siege Engineers
44:22 Chemistry
43:43 Ballistics
46:18 Leather Archer Armor
46:38 Plate Barding Armor
DrMoopey
8:54 Loom
12:12 Feudal Age
15:09 Scale Barding Armor
20:36 Castle Age
19:28 Double-Bit Axe
20:30 Forging
20:48 Fletching
26:40 Fishing Lines
29:56 Horse Collar
32:01 Bow Saw
34:13 Gillnets
35:12 Gold Mining
35:14 Stone Mining
36:14 Padded Archer Armor
38:27 Wheelbarrow
38:39 Thumb Ring
39:50 Bodkin Arrow
40:12 Leather Archer Armor
40:33 Hand Cart
41:30 Bloodlines
41:21 Husbandry
45:36 Imperial Age
43:11 Marauders
43:38 Forging
43:49 Chain Barding Armor
43:43 Heavy Plow
45:28 Iron Casting
45:43 Heavy Cavalry Archer
46:50 Parthian Tactics
bailey
12:37 Loom
14:35 Feudal Age
18:25 Castle Age
16:22 Double-Bit Axe
16:29 Stone Mining
18:35 Gold Mining
20:18 Bow Saw
21:30 Fletching
27:12 Forging
27:40 Scale Barding Armor
28:56 Husbandry
31:04 Gold Shaft Mining
30:15 Elite Skirmisher
31:02 Padded Archer Armor
32:11 Bodkin Arrow
33:19 Leather Archer Armor
34:58 Wheelbarrow
35:06 Chain Barding Armor
36:42 Iron Casting
38:44 Hand Cart
42:52 Imperial Age
42:56 Cavalier
44:13 Plate Barding Armor
44:38 Blast Furnace
44:25 Paladin
45:29 Conscription
45:24 Chivalry
mxptlic
12:26 Feudal Age
10:41 Loom
14:03 Double-Bit Axe
21:32 Castle Age
20:58 Forging
21:19 Stone Mining
21:19 Gold Mining
22:07 Fletching
31:05 Gold Mining
31:32 Bodkin Arrow
32:50 Padded Archer Armor
33:45 Elite Skirmisher
35:18 Leather Archer Armor
36:01 Wheelbarrow
38:52 Ballistics
42:31 Imperial Age
41:20 Bow Saw
42:48 Elite Genoese Crossbowman
43:49 Conscription
43:32 Bracer
44:02 Ring Archer Armor
Connection lost

Rejoining the realm…

Still unreachable

The connection could not be restored.

Session expired

The server has moved on; the page needs a fresh start.